 Dungeon Crawl Stone Soup version 0.27-a0-931-g5a74e75d8f (webtiles) character file.

Game seed: 9534055635892170492

10 Alarkh the Insei (level 2, 16/22 HPs)
             Began as a Demonspawn Gladiator on Apr 10, 2021.
             Got out of the dungeon alive.
             The game lasted 00:00:52 (444 turns).

Alarkh the Insei (Demonspawn Gladiator)              Turns: 444, Time: 00:00:53

Health: 16/22      AC:  3    Str: 14    XL:     2   Next: 10%
Magic:  2/2        EV: 12    Int:  9    God:
Gold:   45         SH:  0    Dex: 14    Spells: 1/1 levels left

rFire    . . .     SeeInvis .     - Unarmed
rCold    . . .     Faith    .   (no shield)
rNeg     . . .     Spirit   .   a - +0 leather armour
rPois    .         Reflect  .   (helmet restricted)
rElec    .         Harm     .   (no cloak)
rCorr    .         Rampage  .   (no gloves)
Will     .....                  (no boots)
Stlth    +.........             (no amulet)
HPRegen  0.07/turn              (no ring)
MPRegen  0.08/turn              (no ring)

@: no status effects
A: antennae 1
a: no special abilities


You escaped.
You visited 1 branch of the dungeon, and saw 1 of its levels.

You collected 45 gold pieces.

Inventory:

Missiles
 c - 3 throwing nets (quivered)
 d - 8 poisoned darts
Armour
 a - a +0 leather armour (worn)
 b - a +0 helmet


   Skills:
 + Level 2.2 Fighting
 - Level 1.7 Throwing
 - Level 2.6 Dodging
 * Level 3.1 Unarmed Combat


You had one spell level left.
You didn't know any spells.
Your spell library was empty.

Dungeon Overview and Level Annotations

Branches:
Dungeon (1/15)

Altars:


Innate Abilities, Weirdness & Mutations

You have a pair of small antennae on your head.


Message History

The goblin barely misses you.
You closely miss the goblin.
The goblin is severely wounded.
The goblin barely misses you.
You closely miss the goblin.
The goblin is severely wounded.
The goblin barely misses you.
You barely miss the goblin.
The goblin is severely wounded.
The goblin barely misses you.
You barely miss the goblin. Your punch misses the goblin.
The goblin is severely wounded.
The goblin hits you with a +0 club.
You barely miss the goblin.
The goblin is severely wounded.
The goblin closely misses you.
You barely miss the goblin.
The goblin is severely wounded.
The goblin hits you with a +0 club.
You hit the goblin.
You kill the goblin!
The bat barely misses you. x2
You have reached level 2!
Your demonic ancestry asserts itself...
A pair of antennae grows on your head!
Your +0 helmet falls away!
You hit the bat.
You kill the bat!
Things that are here:
a +0 club; a goblin corpse You see here a quokka skeleton.
You see here a +0 robe.
You sense a monster nearby.
You can't go up here!
(D) Dungeon
Where to? (Enter - D:1 @ (x,y), ? - help)
You see here 23 bolts.
There is a staircase leading out of the dungeon here.
Are you sure you want to leave the Dungeon?
This will make you lose the game!
You have escaped!

♣.♣.♣♣...♣♣.♣.♣
♣♣.♣.♣8.♣♣.♣.♣.♣♣
♣8.♣.♣♣.8♣.♣.♣.8♣#
♣♣.♣....♣♣.♣.♣.♣♣.
♣.♣8♣♣♣..♣♣.♣.♣.#
♣.♣♣♣(..♣♣.♣♣.♣.#
♣♣...♣♣♣♣.♣♣.♣♣.#
.♣♣8♣♣...♣♣.♣♣..#
########
.#♣♣♣@.♣♣♣.♣♣#..#
## .......# ..
♣♣♣♣..♣♣....# .
######.## .#
#.....#####.# .#
#...###.#
#...(.#####.##.###
##.......#
###.....÷.........
####........#
##########.#.##.
.....###...##
######......
#######.....##
##...##...##.
.............#
##.....#...#


There were no monsters in sight!

Vanquished Creatures
  A ball python (D:1)
  A bat (D:1)
  An endoplasm (D:1)
  A goblin (D:1)
  A hobgoblin (D:1)
  2 quokkas (D:1)
  A rat (D:1)
8 creatures vanquished.

Notes
Turn   | Place    | Note
-------+----------+-------------------------------------------
     0 | D:1      | Alarkh the Demonspawn Gladiator began the quest for the
                  | Orb.
     0 | D:1      | Reached XP level 1. HP: 16/16 MP: 1/1
   205 | D:1      | Reached skill level 3 in Unarmed Combat
   327 | D:1      | Gained mutation: You have a pair of small antennae on your
                  | head. [demonic ancestry]
   327 | D:1      | Reached XP level 2. HP: 8/22 MP: 2/2
   444 | D:$      | Got out of the dungeon alive.

Illustrated notes

Levels and vault maps discovered:
D:1:      nagdon_arrival_double_spiral, layout_loops_ring, chequers_garden

Skill      XL: |  1 |
---------------+----+-----
Unarmed Combat | 3 |  3.1
Fighting       | |  2.2
Throwing       | |  1.7
Dodging        | |  2.6

Action                   || total
-------------------------++-------
Melee: Unarmed           ||    39
Armor: Leather armour    ||     5
Dodge: Dodged            ||    35

Table legend: (Time is in decaauts)
 A = Elapsed time spent in this place.
 B = Non-inter-level travel time spent in this place.
 C = Inter-level travel time spent in this place.
 D = Time resting spent in this place.
 E = Time spent auto-exploring this place.
 F = Levels seen in this place.
 G = Mean time per level.
                   A        B        C        D        E       F      G
               +--------+--------+--------+--------+--------+-----+--------+
         Total |    442 |    329 |    113 |     76 |    191 |   1 |  442.0 |
       Dungeon |    442 |    329 |    113 |     76 |    191 |   1 |  442.0 |
               +--------+--------+--------+--------+--------+-----+--------+

Top non-repeatable levels by time:
     D:1: 442 daAuts
